 Dungeon Crawl Stone Soup version 0.31-a0-237-g2d982f9f85 (webtiles) character file.

Game seed: 12911626449371994406

171 qw the Shooter (level 5, -6/45 HPs)
             Began as a Minotaur Hexslinger on July 10, 2023.
             Mangled by an orc
             ... wielding a +0 mace
              (7 damage)
             ... on level 3 of the Dungeon.
             The game lasted 00:00:59 (2428 turns).

qw the Shooter (Minotaur Hexslinger)                Turns: 2428, Time: 00:00:59

Health: -6/45      AC:  6    Str: 12    XL:     5   Next: 26%
Magic:  5/5        EV: 11    Int: 10    God:
Gold:   118        SH:  0    Dex: 15    Spells: 5/6 levels left

rFire   . . .        b - +2 sling (heavy)
rCold   . . .        (no shield)
rNeg    . . .        d - +0 ring mail
rPois   .            (helmet restricted)
rElec   .            (no cloak)
rCorr   .            a - +0 pair of gloves
SInv    .            (no boots)
Will    +....        (no amulet)
Stlth   +            h - ring of willpower
HPRegen 0.27/turn    (no ring)
MPRegen 0.09/turn

%: no passive effects
@: about to teleport
A: horns 2, retaliatory headbutt
a: no special abilities


You were on level 3 of the Dungeon.
You visited 1 branch of the dungeon, and saw 4 of its levels.

You collected 163 gold pieces.
You spent 45 gold pieces at shops.


Innate Abilities, Weirdness & Mutations

You have a pair of horns on your head.
You reflexively headbutt those who attack you in melee.


   Skills:
 - Level 3.1 Fighting
 + Level 5.2 Ranged Weapons
 - Level 1.1 Armour
 - Level 2.1 Dodging
 - Level 1.0 Spellcasting
 - Level 2.0 Hexes


You had 5 spell levels left.
You knew the following spells:

 Your Spells              Type           Power      Damage    Failure   Level
a - Slow                  Hex            16%        N/A       34%         1

Your spell library contained the following spells:

 Spells                   Type           Power      Damage    Failure   Level
 Inner Flame              Hex/Fire       2%         N/A       83%         3
 Portal Projectile        Hex/Tloc       4%         N/A       83%         3
 Cause Fear               Hex            2%         N/A       98%         4

Inventory:

Hand Weapons
 b - a +2 heavy sling (weapon)
Armour
 a - a +0 pair of gloves (worn)
 d - a +0 ring mail (worn)
Jewellery
 c - a ring of fire
 e - a ring of ice
 h - a ring of willpower (left hand)
Scrolls
 i - a scroll of identify
Potions
 k - a potion of haste
 m - 2 potions of curing

Dungeon Overview and Level Annotations

Branches:
Dungeon (4/15)
 Temple: D:4-7

Altars:
Hepliaklqana

Shops:
D:1 :   D:2 [


Message History

The gnoll closely misses you.
A hobgoblin comes into view.
There is a stone staircase leading up here.
You shoot a sling bullet.
The sling bullet barely misses the gnoll.
The orc closely misses you. The gnoll barely misses you.
The orc barely misses you. You furiously retaliate!
You headbutt the orc!
You kill the orc!
The orc closely misses you. The gnoll hits you but does no damage.
You shoot a sling bullet.
The sling bullet closely misses the gnoll.
The orc hits you with a +0 mace. The orc barely misses you.
The orc priest calls down the wrath of Beogh upon you.
Beogh smites you! The gnoll hits you but does no damage.
The orc barely misses you. The orc closely misses you.
The gnoll hits you with a +0 whip.
2423 ||| STAIRDANCE The orc barely misses you.
The orc hits you with a +0 mace. The gnoll hits you with a +0 whip.
You climb upwards.
There is a stone staircase leading down, spattered with blood here.
You shoot a sling bullet. The sling bullet hits the gnoll.
The gnoll is moderately wounded.
The orc misses you. The orc hits you with a +0 mace.
The gnoll hits you with a +0 whip.
You shoot a sling bullet. The sling bullet hits the gnoll.
The gnoll is moderately wounded.
The orc misses you. The orc hits you but does no damage.
The gnoll closely misses you. The orc hits you with a +0 club.
The orc hits you with a +0 mace. The gnoll hits you with a +0 whip.
2427 ||| READING scroll of teleportation.
As you read the scroll of teleportation, it crumbles to dust.
You feel strangely unstable. The orc hits you with a +0 club.
The orc barely misses you. The gnoll hits you with a +0 whip.
You shoot a sling bullet. The sling bullet hits the gnoll!
You kill the gnoll!
The orc hits you but does no damage. The orc hits you with a +0 mace.
The orc closely misses you. The orc hits you with a +0 mace!
You die...

#......##......77
####.####..77.777 #.#
#..77.777. #.# #...7.7..7
#.# #...7...7. ###########
#.# #...7..777 #.........#
#.###.7.77777. #.#######o#
#.#....7.77777 #.# #####@#
#.#.#.#7#..7 ####
#.###...o)###...#...####
...#
#.##........#.#####....#
##.#
#.........#.....#...##.###
##.#
###...##..#.....#.####.#..
##.# #...##..#.......#
#(#.# ##.#
#...##.........## #....
##.# #...###.#.#.####
###.# ...# #...###.#.#.#
#..


You could see 2 orcs.

Vanquished Creatures
  A gnoll bouda (D:3)
  Robin (D:2)
  2 gnolls (D:3)
  2 adders (D:3)
  2 worms
  2 dart slugs (D:1)
  3 orcs
  5 endoplasms
  5 giant cockroaches
  7 hobgoblins
  7 jackals (D:1)
  3 quokkas
  7 ball pythons
  11 bats
  11 frilled lizards
  11 goblins
  6 kobolds
  2 rats (D:3)
88 creatures vanquished.

Notes
Turn   | Place    | Note
-------+----------+-------------------------------------------
     0 | D:1      | qw the Minotaur Hexslinger began the quest for the Orb.
     0 | D:1      | Reached XP level 1. HP: 16/16 MP: 1/1
     0 | D:1      | 0 ||| qw: Version: 0.3-a-52-g30416fa
     0 | D:1      | 0 ||| qw: Game counter: 5107
     0 | D:1      | 0 ||| qw: Melee chars always use a shield: true
     0 | D:1      | 0 ||| qw: God list: Okawaru
     0 | D:1      | 0 ||| qw: Allow faded altars: false
     0 | D:1      | 0 ||| qw: Do Orc after clearing Dungeon:15 true
     0 | D:1      | 0 ||| qw: Do second Lair branch before Depths: true
     0 | D:1      | 0 ||| qw: Lair rune preference: random
     0 | D:1      | 0 ||| qw: Goals: Normal
     0 | D:1      | 0 ||| PLANNING D:1-11
    60 | D:1      | Found Huweyki's Book Emporium.
   110 | D:1      | Reached skill level 3 in Ranged Weapons
   120 | D:1      | Reached XP level 2. HP: 23/23 MP: 2/2
   412 | D:1      | Reached XP level 3. HP: 29/29 MP: 3/3
   685 | D:1      | 685 ||| UPGRADING to +0 ring mail.
   695 | D:1      | 695 ||| DROPPING +0 robe.
   696 | D:1      | 696 ||| UPGRADING to ring of willpower.
   697 | D:1      | 697 ||| READING scroll labelled SAOPSOE JUASYI.
   701 | D:1      | 701 ||| READING scroll labelled LOSEAN LOANOOTINN.
   702 | D:1      | 702 ||| READING scroll labelled XIJAXKE OQYUKE.
   703 | D:1      | 703 ||| READING scroll labelled OWNAUB ZEMEUTAYME.
   704 | D:1      | 704 ||| READING scroll labelled DEYDDAERHU.
   705 | D:1      | 705 ||| READING scroll labelled ENOOMYCEIJIFF.
   706 | D:1      | 706 ||| DROPPING scroll of poison.
   791 | D:2      | 791 ||| READING scroll of brand weapon.
   791 | D:2      | 791 ||| BRANDING +1 sling of draining.
   833 | D:2      | Reached skill level 4 in Ranged Weapons
   858 | D:2      | Found Donier's Armour Emporium.
   868 | D:2      | 868 ||| BUYING +0 pair of gloves (45 gold).
   868 | D:2      | Bought a +0 pair of gloves for 45 gold pieces
   868 | D:2      | 868 ||| SHOPLISTING +0 ring mail of cold resistance (110
                  | gold, have 7).
   980 | D:2      | Reached skill level 1 in Armour
   989 | D:2      | Noticed Robin
   995 | D:2      | Killed Robin
   996 | D:2      | Reached XP level 4. HP: 18/36 MP: 4/4
  1080 | D:2      | Found a hazy altar of Hepliaklqana.
  1357 | D:2      | 1357 ||| UPGRADING to +0 pair of gloves.
  1362 | D:2      | 1362 ||| READING 2 scrolls labelled WELOAHAIGA.
  1363 | D:2      | 1363 ||| DRINKING 2 white potions.
  1364 | D:2      | 1364 ||| DRINKING 2 pink potions.
  1365 | D:2      | 1365 ||| DRINKING 2 red potions.
  1366 | D:2      | 1366 ||| DROPPING potion of invisibility.
  1367 | D:2      | 1367 ||| DROPPING scroll of noise.
  1453 | D:3      | 1453 ||| FLEEEEING.
  1454 | D:3      | 1454 ||| FLEEEEING.
  1455 | D:3      | 1455 ||| FLEEEEING.
  1456 | D:3      | 1456 ||| FLEEEEING.
  1457 | D:3      | 1457 ||| FLEEEEING.
  1599 | D:3      | Reached skill level 5 in Ranged Weapons
  1778 | D:3      | Found a faded altar of an unknown god.
  2251 | D:3      | 2251 ||| READING 2 scrolls labelled FIEV GEINOIDYM.
  2252 | D:3      | 2252 ||| READING scroll of enchant weapon.
  2252 | D:3      | 2252 ||| ENCHANTING +1 heavy sling.
  2310 | D:4      | 2310 ||| STAIRDANCE
  2316 | D:3      | Reached skill level 3 in Fighting
  2316 | D:3      | Reached XP level 5. HP: 17/45 MP: 5/5
  2423 | D:4      | 2423 ||| STAIRDANCE
  2426 | D:3      | HP: 11/45 [orc/+0 club (4)]
  2427 | D:3      | 2427 ||| READING scroll of teleportation.
  2427 | D:3      | HP: 4/45 [orc/+0 club (4)]
  2428 | D:3      | HP: 1/45 [orc/+0 mace (3)]
  2428 | D:3      | Mangled by an orc

Levels and vault maps discovered:
D:1:      sevenhm_arrival_forest_fort_small_1, layout_rooms, serial_shops, shop,
          chequers_serial_rivers_small_a, minivault_27,
          dreamdust_princess_corridor, minmay_misc_feat_enclosed,
          corexii_corridor_pit, kennysheep_minor_cross
D:2:      layout_loops_ring, serial_shops, nicolae_square_shop, basic_altar,
          uniq_robin
D:3:      layout_loops_corners, chequers_ecumenical_altar_grove,
          minmay_lizard_king
D:4:      layout_layer_cave, mainiacjoe_overflow_divided_tiny, serial_shops,
          nicolae_shop_stone

Skill      XL: |  1  2  3  4 |
---------------+-------------+-----
Ranged Weapons | 3 4 5 |  5.2
Fighting       | 2 3 |  3.1
Armour         | 1 |  1.1
Dodging        | |  2.1
Spellcasting   | |  1.0
Hexes          | |  2.0

Action                     |  1- 3 |  4- 6 || total
---------------------------+-------+-------++-------
   Fire: Sling             |   102 |   100 ||   202
    Use: Scroll            |     7 |     4 ||    11
         Potion            |       |     3 ||     3
 Armour: Robe              |     8 |       ||     8
         Ring mail         |     9 |    38 ||    47
  Dodge: Dodged            |    41 |    63 ||   104

Table legend:
 A = Non-vault XP
 B = Vault XP
 C = Vault XP percentage of total XP
 D = Non-vault monster count
 E = Vault monster count
 F = Vault count percentage of total count
                 A         B        C        D         E       F
            +---------+---------+-------+---------+---------+-------
      Total |     228 |      31 |  12.0 |      76 |      12 |  13.6
            +---------+---------+-------+---------+---------+-------
        D:1 |      48 |       0 |   0.0 |      27 |       0 |   0.0
        D:2 |      42 |      26 |  38.2 |      22 |       7 |  24.1
        D:3 |     135 |       5 |   3.6 |      26 |       5 |  16.1
        D:4 |       3 |       0 |   0.0 |       1 |       0 |   0.0
            +---------+---------+-------+---------+---------+-------
